 Dungeon Crawl Stone Soup version 0.30-a0-540-g0af01429fa (webtiles) character file.

Game seed: 18255024947163906729

8295 greenreed the Basher (level 11, -20/97 HPs)
             Began as a Minotaur Fighter on Dec 25, 2022.
             Was an Elder of Nemelex Xobeh.
             Killed from afar by Erica (27 damage)
             ... with a bolt of poison
             ... on level 10 of the Dungeon.
             The game lasted 00:19:58 (10281 turns).

greenreed the Basher (Minotaur Fighter)            Turns: 10281, Time: 00:19:58

Health: -20/97     AC: 14    Str: 29    XL:     11   Next: 8%
Magic:  14/14      EV: 14    Int:  5    God:    Nemelex Xobeh [****..]
Gold:   1074       SH:  6    Dex: 16    Spells: 10/10 levels left

rFire   . . .      SeeInvis +    a - +0 flail
rCold   . . .      Faith    .    c - +0 buckler
rNeg    . . .      Spirit   .    p - +1 ring mail "Hiloeqe" {Str+4 SInv}
rPois   .          Reflect  .    (helmet restricted)
rElec   .          Harm     .    y - +0 cloak
rCorr   .          Rampage  .    o - +1 pair of gloves
Will    .....                    m - +2 pair of boots
Stlth   +                        (no amulet)
HPRegen 0.36/turn                l - +6 ring of dexterity
MPRegen 0.14/turn                (no ring)

@: lethally poisoned (-20 -> -39), slowed, very slow
A: horns 2, retaliatory headbutt
a: Renounce Religion, Draw Escape, Draw Destruction, Draw Summoning, Triple
Draw, Deal Four


You were on level 10 of the Dungeon.
You worshipped Nemelex Xobeh.
Nemelex Xobeh was greatly pleased with you.
You visited 2 branches of the dungeon, and saw 11 of its levels.
You also visited: Sewer.

You collected 1074 gold pieces.

Inventory:

Hand Weapons
 a - a +0 flail (weapon)
 b - the +8 dagger of Jodusku {vorpal, Drain +Blink Will- Dex+8}
   (You found it on level 3 of the Dungeon)

   It inflicts extra damage upon your enemies.
   Dex:       It affects your dexterity (+8).
   +Blink:    It lets you blink.
   Drain:     It drains your maximum health when unequipped.
   Will:      It decreases your willpower.
 M - a +0 morningstar
Missiles
 L - 2 throwing nets (quivered)
 Q - 5 curare-tipped darts
Armour
 c - a +0 buckler (worn)
 m - a +2 pair of boots (worn)
 o - a +1 pair of gloves (worn)
 p - the +1 ring mail "Hiloeqe" (worn) {Str+4 SInv}
   (You found it on level 3 of the Dungeon)

   Str:       It affects your strength (+4).
   SInv:      It lets you see invisible.
 y - a +0 cloak (worn)
Jewellery
 l - a +6 ring of dexterity (left hand)
 A - an amulet of the acrobat
 P - a ring of protection from fire
Wands
 B - a wand of charming (8)
 G - a wand of flame (33)
 H - a wand of roots (2)
Scrolls
 e - 9 scrolls of identify
 j - 4 scrolls of fog {unknown}
 n - a scroll of poison {unknown}
 q - 2 scrolls of butterflies {unknown}
 s - 2 scrolls of fear
 u - 3 scrolls of blinking {unknown}
 z - 5 scrolls of teleportation {unknown}
 C - a scroll of noise {unknown}
 D - a scroll of amnesia {unknown}
 E - 2 scrolls of immolation {unknown}
 F - 2 scrolls of silence {unknown}
 I - 2 scrolls of enchant weapon {unknown}
 J - a scroll of enchant armour {unknown}
 K - a scroll of brand weapon {unknown}
 O - a scroll of torment {unknown}
Potions
 d - 2 potions of attraction {unknown}
 f - a potion of flight {unknown}
 g - 2 potions of lignification {unknown}
 h - 3 potions of mutation {unknown}
 i - 2 potions of brilliance {unknown}
 k - 5 potions of heal wounds {unknown}
 r - 3 potions of curing {unknown}
 t - 2 potions of haste {unknown}
 v - 2 potions of magic {unknown}
 w - a potion of resistance
 x - a potion of invisibility {unknown}
 N - 4 potions of ambrosia {unknown}


   Skills:
 * Level 9.4 Fighting
 * Level 13.1 Maces & Flails
 + Level 8.2 Armour
 + Level 6.1 Dodging
 + Level 2.0 Stealth
 + Level 6.2 Shields
 * Level 5.4 Invocations


You had 10 spell levels left.
You didn't know any spells.
Your spell library contained the following spells:

 Spells                   Type           Power      Damage    Failure   Level
 Slow                     Hex            0%         N/A       67%         1
 Call Canine Familiar     Summ           0%         N/A       95%         3
 Confusing Touch          Hex            0%         N/A       95%         3
 Gell's Gravitas          Tloc           0%         N/A       95%         3
 Portal Projectile        Hex/Tloc       0%         N/A       95%         3
 Teleport Other           Tloc           0%         N/A       95%         3
 Vampiric Draining        Necr           0%         2d6       95%         3
 Leda's Liquefaction      Hex/Erth       0%         N/A       100%        4
 Olgreb's Toxic Radiance  Pois           0%         N/A       100%        4
 Dispersal                Tloc           0%         N/A       100%        6
 Ozocubu's Refrigeration  Ice            0%         4d7       100%        7
 Ignition                 Fire           0%         3d3       100%        8


Dungeon Overview and Level Annotations

Branches:
Dungeon (10/15)            Temple (1/1) D:7             Orc (0/2) D:10
  Sewer (visited)
   Lair: D:8-11

Altars:
Ashenzari
Cheibriados
Dithmenos
Elyvilon
Fedhas
Gozag
Hepliaklqana
Kikubaaqudgha
Makhleb
Nemelex Xobeh
Okawaru
Qazlal
Ru
Sif Muna
Trog
Uskayaw
Vehumet
Wu Jian
Xom
Yredelemnul
Zin
The Shining One

Shops:
D:8 (

Annotations:
D:10 Erica


Innate Abilities, Weirdness & Mutations

You have a pair of horns on your head.
You reflexively headbutt those who attack you in melee.


Message History

You are confused.
Okay, then.
You bump into the rock wall.
The orc priest shouts!
Erica casts a spell at you. The bolt of poison hits you!
You are poisoned.
You're too confused to move!
You feel very sick.
Erica points at you and mumbles some strange words.
You feel as though you will be slow longer.
The orc priest looks satisfied for a moment.
Erica hits you with a +3 scimitar of flaming.
Erica burns you.
You feel very sick.
Erica points at you and mumbles some strange words.
The bolt of poison misses you.
You feel very sick.
The orc priest begins to cast a cantrip, but forgets the words!
Erica hits you with a +3 scimitar of flaming!
* * * LOW HITPOINT WARNING * * *
Erica burns you.
* * * LOW HITPOINT WARNING * * *
The orc priest miscasts a cantrip.
Erica hits you with a +3 scimitar of flaming.
* * * LOW HITPOINT WARNING * * *
Erica burns you.
* * * LOW HITPOINT WARNING * * *
Erica attacks as you move away!
Erica hits you with a +3 scimitar of flaming.
* * * LOW HITPOINT WARNING * * *
Erica burns you.
* * * LOW HITPOINT WARNING * * *
You feel less confused.
You feel sick.
Erica points at you and mumbles some strange words.
The bolt of poison hits you!!
You are lethally poisoned!
You die...
Your body disappears without a glow.

>######..#####..#######
.......................
>...............o......
.#####.^#######..######
.# #..# #..# .# #..#
#..# .# #..# #@.# .#
#..# #..# .# #..# #.@#
.#####..#######..#######
.......................#
.......................#
...#####..####.........#
#..# #..# #.........#
#..# #..# #...<.....#
#..# #..# #....)....#
#..# #..# #.........#


You could see Erica (invisible) and an orc priest.

Vanquished Creatures
  2 two-headed ogres (D:6)
  Sonja (D:10)
  A gargoyle (D:7)
  Grinder (D:3)
  Sigmund (D:3)
  3 wyverns
  A shadow (D:7)
  5 yaks (D:8)
  A steam dragon (D:7)
  2 vampire mosquitoes (D:10)
  Edmund (D:4)
  2 wargs (D:10)
  An acid dragon (D:10)
  Duvessa (D:5)
  2 black bears (D:6)
  Pargi (D:4)
  3 sky beasts
  2 ice beasts
  3 orc warriors
  3 ogres (D:10)
  A centaur (D:7)
  A boggart (D:10)
  2 phantoms
  A kobold brigand (Sewer)
  2 necrophages
  2 bullfrogs
  A gnoll sergeant (D:9)
  4 scorpions
  5 wights
  Dowan (D:5)
  4 killer bees (D:9)
  A hound (D:6)
  A jelly (D:7)
  A gnoll bouda (D:8)
  3 orc priests
  3 iguanas (D:6)
  4 orc wizards
  23 gnolls
  9 adders
  2 river rats (D:3)
  A shadow imp (D:6)
  A white imp (D:7)
  An ufetubus (D:5)
  3 worms
  A dart slug (D:1)
  25 orcs
  3 bats
  10 endoplasms
  5 giant cockroaches
  10 goblins
  7 hobgoblins
  6 jackals
  10 kobolds
  3 quokkas
  14 ball pythons
  2 frilled lizards (D:2)
  8 rats
218 creatures vanquished.

Vanquished Creatures (collateral kills)
  A vampire (D:9)
1 creature vanquished.

Vanquished Creatures (others)
  2 fungi (D:1)
  9 plants (D:1)
11 creatures vanquished.

Grand Total: 230 creatures vanquished

Notes
Turn   | Place    | Note
-------+----------+-------------------------------------------
     0 | D:1      | greenreed the Minotaur Fighter began the quest for the Orb.
     0 | D:1      | Reached XP level 1. HP: 19/19 MP: 0/0
   206 | D:1      | Reached XP level 2. HP: 25/27 MP: 1/1
   327 | D:1      | Found a faded altar of an unknown god.
   398 | D:1      | Reached XP level 3. HP: 28/33 MP: 2/2
   757 | D:2      | Reached XP level 4. HP: 40/40 MP: 3/3
   760 | D:2      | Reached skill level 3 in Maces & Flails
   966 | D:2      | Reached skill level 1 in Dodging
  1351 | D:2      | Reached XP level 5. HP: 28/47 MP: 4/4
  1633 | D:2      | Reached skill level 4 in Maces & Flails
  1825 | D:3      | Noticed Grinder
  1833 | D:3      | Paralysed by Grinder for 3 turns
  1841 | D:3      | Identified the +1 ring mail "Hiloeqe" {Str+4 SInv}
  1847 | D:3      | Killed Grinder
  1848 | D:3      | Reached skill level 5 in Maces & Flails
  1848 | D:3      | Reached skill level 5 in Armour
  1848 | D:3      | Reached XP level 6. HP: 35/55 MP: 5/5
  1866 | D:3      | Identified the +8 dagger of Jodusku {vorpal, Drain +Blink
                  | Will- Dex+8}
  1901 | D:3      | Found a basalt altar of Yredelemnul.
  1928 | D:3      | Found an iron altar of Okawaru.
  1983 | D:3      | Noticed Sigmund
  1990 | D:3      | Killed Sigmund
  1991 | D:3      | Reached skill level 5 in Fighting
  1991 | D:3      | Reached skill level 6 in Maces & Flails
  1991 | D:3      | Reached XP level 7. HP: 46/61 MP: 6/6
  2053 | D:3      | Found a glowing drain.
  2057 | Sewer    | Entered a sewer
  2220 | Sewer    | Reached skill level 7 in Maces & Flails
  2601 | D:3      | Found a white marble altar of Elyvilon.
  2601 | D:3      | Found a sparkling altar of Nemelex Xobeh.
  2609 | D:3      | Became a worshipper of Nemelex Xobeh the Trickster
  2670 | D:3      | Found a snail-covered altar of Cheibriados.
  2670 | D:3      | You fall into a shaft and drop 3 floors!
  2864 | D:6      | Reached skill level 1 in Invocations
  2932 | D:6      | Found a hide-covered altar of Uskayaw.
  2975 | D:6      | Noticed a two-headed ogre
  3004 | D:7      | Noticed a steam dragon
  3010 | D:7      | Killed a steam dragon
  3011 | D:7      | Reached skill level 8 in Maces & Flails
  3011 | D:7      | Reached XP level 8. HP: 11/70 MP: 6/8
  3025 | D:7      | Identified the +6 trident "Jyasihedd" {speed, rPois Str+4}
  3443 | D:7      | Found a staircase to the Ecumenical Temple.
  3457 | Temple   | Entered the Ecumenical Temple
  3765 | D:7      | Reached skill level 9 in Maces & Flails
  4001 | D:7      | Noticed a gargoyle
  4012 | D:7      | Killed a gargoyle
  4013 | D:7      | Reached skill level 1 in Stealth
  4013 | D:7      | Reached skill level 5 in Shields
  4015 | D:7      | Reached XP level 9. HP: 44/78 MP: 8/10
  4117 | D:6      | Reached * piety under Nemelex Xobeh
  4140 | D:6      | Reached skill level 10 in Maces & Flails
  4145 | D:5      | Entered Level 5 of the Dungeon
  4201 | D:5      | Received a gift from Nemelex Xobeh
  4621 | D:4      | Noticed Edmund
  4632 | D:4      | Killed Edmund
  4825 | D:4      | Identified the +4 barding of Wisdom {rF++}
  4874 | D:4      | Noticed Pargi
  4880 | D:4      | Killed Pargi
  5015 | D:4      | Received a gift from Nemelex Xobeh
  5020 | D:4      | Reached ** piety under Nemelex Xobeh
  5565 | D:5      | Found a sacrificial altar of Ru.
  5571 | D:5      | Received a gift from Nemelex Xobeh
  5574 | D:5      | Found a blossoming altar of Fedhas.
  5892 | D:5      | Noticed Dowan
  5893 | D:5      | Noticed Duvessa
  6023 | D:5      | Killed Duvessa
  6026 | D:5      | Killed Dowan
  6783 | D:7      | Found a shimmering blue altar of Sif Muna.
  6952 | D:8      | Reached *** piety under Nemelex Xobeh
  6964 | D:7      | Reached skill level 11 in Maces & Flails
  7372 | D:8      | Received a gift from Nemelex Xobeh
  7663 | D:8      | Reached XP level 10. HP: 84/88 MP: 12/12
  7719 | D:8      | Found Qafierphu's Weapon Emporium.
  8354 | D:6      | Killed a two-headed ogre
  8355 | D:6      | Reached skill level 12 in Maces & Flails
  8355 | D:6      | Reached skill level 5 in Dodging
  8555 | D:6      | Noticed a two-headed ogre
  8561 | D:6      | Killed a two-headed ogre
  8755 | D:6      | Found a glowing golden altar of the Shining One.
  9365 | D:9      | Received a gift from Nemelex Xobeh
  9748 | D:9      | Reached **** piety under Nemelex Xobeh
  9946 | D:9      | Received a gift from Nemelex Xobeh
 10004 | D:10     | Entered Level 10 of the Dungeon
 10004 | D:10     | Noticed Sonja
 10008 | D:10     | Killed Sonja
 10009 | D:10     | Reached skill level 5 in Invocations
 10065 | D:10     | Reached skill level 13 in Maces & Flails
 10084 | D:10     | Noticed Lodul
 10089 | D:10     | Lodul changed into Lodul the ice beast
 10089 | D:10     | Noticed Lodul
 10096 | D:10     | Killed Lodul the ice beast
 10106 | D:10     | Reached XP level 11. HP: 95/97 MP: 13/13
 10125 | D:10     | Found a staircase to the Orcish Mines.
 10264 | D:10     | Noticed Erica
 10281 | D:10     | Killed from afar by Erica

Illustrated notes

Levels and vault maps discovered:
D:1:      heliophobic_arrival_enchanted_forest, layout_rooms,
          shapermc_ecumenical_altar_mp_urbaneastern
D:2:      layout_loops_ring
D:3:      layout_loops_ring, slow_altar_2, okawaru_ov_weapons_minmay,
          minitemple, mainiacjoe_overflow_boulevard, gup_sewer_entry_bowl,
          uniq_sigmund, uniq_grinder
D:4:      layout_cave_pools, serial_co_window_serial, co_window_corner_a,
          co_window_of_opportunity_a, co_window_paths_a, co_window_corner_a,
          co_window_corner_a, co_window_unsneaky_path_b, co_window_broadway_a,
          co_window_2corner, co_window_4corner_b, co_window_4corner_a,
          glass_columns_b, glass_columns_a, uniq_edmund, uniq_pargi
D:5:      layout_cave_pods, grunt_temple_overflow_open, uniq_duvessa
D:6:      layout_basic, mainiacjoe_overflow_alcove_4,
          eat_drink_and_be_merry_uskayaw, serial_rivers,
          chequers_serial_rivers_micro_a, chequers_serial_rivers_micro_c,
          chequers_serial_rivers_room_a, chequers_serial_rivers_small_b
D:7:      layout_loops_cross, tgw_sif, minmay_temple_entry_crystal_x
D:8:      layout_cave_pods, serial_shops,
          nicolae_shop_temple_entry_statues_fountains
D:9:      layout_basic
D:10:     layout_small_grid, lair_entry_dummy, david_orc_1_choice,
          serial_park_tiny_2, uniq_snorg, uniq_erolcha, uniq_erica, uniq_sonja,
          uniq_maurice, uniq_lodul
Temple:   nicolae_temple_slightly_damp_pantheon

Skill      XL: |  1  2  3  4  5  6  7  8  9 10 11 |
---------------+----------------------------------+-----
Armour         | 4 5 6 7 8 |  8.2
Fighting       | 4 5 6 8 9 |  9.4
Shields        | 4 5 6 |  6.2
Maces & Flails | 3 5 6 8 9 11 13 | 13.1
Dodging        | 1 2 3 4 6 |  6.1
Invocations    | 1 3 4 5 |  5.4
Stealth        | 1 2 |  2.0

Action                   |  1- 3 |  4- 6 |  7- 9 | 10-12 || total
-------------------------+-------+-------+-------+-------++-------
Melee: Flail             |    78 |    77 |   298 |   139 ||   592
       Headbutt          |    10 |    10 |    62 |    31 ||   113
Invok: Draw Destruction  |       |       |       |    10 ||    10
       Draw Summoning    |       |       |       |     1 ||     1
  Use: Potion            |       |       |     1 |       ||     1
Armor: Scale mail        |    38 |    23 |       |       ||    61
       Ring mail         |       |     4 |   101 |    35 ||   140
Dodge: Dodged            |    28 |    25 |   156 |    52 ||   261
Block: Buckler           |    18 |    16 |    83 |    35 ||   152

Table legend: (Time is in decaauts)
 A = Elapsed time spent in this place.
 B = Non-inter-level travel time spent in this place.
 C = Inter-level travel time spent in this place.
 D = Time resting spent in this place.
 E = Time spent auto-exploring this place.
 F = Levels seen in this place.
 G = Mean time per level.
                   A        B        C        D        E       F      G
               +--------+--------+--------+--------+--------+-----+--------+
         Total |  10357 |   9731 |    626 |    767 |   7011 |  12 |  863.1 |
       Dungeon |   9753 |   9149 |    604 |    767 |   6565 |  10 |  975.3 |
        Temple |    201 |    179 |     22 |      0 |    166 |   1 |  201.0 |
         Sewer |    402 |    402 |      0 |      0 |    280 |   1 |  402.0 |
               +--------+--------+--------+--------+--------+-----+--------+

Top non-repeatable levels by time:
     D:6: 1464 daAuts
     D:7: 1396 daAuts
     D:8: 1184 daAuts
     D:4: 1013 daAuts
     D:9: 969 daAuts
     D:2: 945 daAuts
     D:5: 886 daAuts
     D:3: 854 daAuts
     D:1: 769 daAuts
   Sewer: 402 daAuts
    D:10: 271 daAuts
  Temple: 201 daAuts
